 Dungeon Crawl Stone Soup version 0.30-a0-374-g95c0257040 (webtiles) character file.

Game seed: 11030550542357861143

38 Elric the Firebug (level 3, 0/19 HPs)
             Began as a Deep Elf Fire Elementalist on Nov 25, 2022.
             Slain by a jackal (3 damage)
             ... on level 1 of the Dungeon.
             The game lasted 00:01:07 (1652 turns).

Elric the Firebug (Deep Elf Fire Elementalist)      Turns: 1652, Time: 00:01:08

Health: 0/19       AC:  3    Str:  5    XL:     3   Next: 25%
Magic:  2/10       EV: 13    Int: 21    God:
Gold:   40         SH:  0    Dex: 15    Spells: 8/9 levels left

rFire   + . .      SeeInvis .    m - +1 whip (venom)
rCold   . . .      Faith    .    (no shield)
rNeg    . . .      Spirit   .    a - +0 robe
rPois   .          Reflect  .    (no helmet)
rElec   .          Harm     .    l - +0 cloak
rCorr   .          Rampage  .    (no gloves)
Will    .....                    (no boots)
Stlth   ++........               (no amulet)
HPRegen 0.23/turn                f - ring of protection from fire
MPRegen 0.12/turn                (no ring)

@: no status effects
A: no striking features
a: no special abilities


You were on level 1 of the Dungeon.
You visited 1 branch of the dungeon, and saw 2 of its levels.

You collected 40 gold pieces.

Inventory:

Hand Weapons
 m - a +1 whip of venom (weapon)
Armour
 a - a +0 robe (worn)
 l - a +0 cloak (worn)
Jewellery
 f - a ring of protection from fire (left hand)
Scrolls
 d - a scroll of fear {unknown}
 e - a scroll of magic mapping {unknown}
 h - a scroll of teleportation {unknown}
 i - a scroll of brand weapon {unknown}
 j - a scroll of identify {unknown}
Potions
 b - a potion of magic
 g - a potion of brilliance {unknown}
 k - a potion of curing {unknown}


   Skills:
 + Level 3.0 Dodging
 + Level 3.0 Stealth
 + Level 3.5 Spellcasting
 + Level 1.8 Conjurations
 + Level 3.6 Fire Magic


You had 8 spell levels left.
You knew the following spells:

 Your Spells              Type           Power      Damage    Failure   Level
a - Foxfire               Conj/Fire      60%        2x1d7     4%          1

Your spell library contained the following spells:

 Spells                   Type           Power      Damage    Failure   Level
 Scorch                   Fire           38%        2d6       4%          2
 Inner Flame              Hex/Fire       11%        N/A       19%         3
 Kindle Blastsparks       Fire/Tloc/Air  16%        2d11      22%         3
 Call Canine Familiar     Summ           3%         N/A       36%         3
 Portal Projectile        Hex/Tloc       6%         N/A       36%         3
 Flame Wave               Conj/Fire      15%        2d7       38%         4
 Leda's Liquefaction      Hex/Erth       1%         N/A       77%         4


Dungeon Overview and Level Annotations

Branches:
Dungeon (2/15)

Altars:

Shops:
D:2 [


Message History

Confirm with . or Enter, or press ? or * to list all spells.
You conjure some foxfire!
The foxfire hits the gnoll.
The gnoll is lightly wounded.
The foxfire hits the gnoll.
The gnoll is moderately wounded.
The foxfire hits the gnoll.
The gnoll is heavily wounded.
The gnoll hits your hobgoblin with a +0 flail.
Your hobgoblin dies!
Your hobgoblin's corpse dissolves into shadows!
Unknown command.
Casting: Foxfire (safe; 4% risk of failure)
Confirm with . or Enter, or press ? or * to list all spells.
You conjure some foxfire!
The foxfire hits the gnoll.
The gnoll is severely wounded.
The foxfire hits the gnoll.
The gnoll is severely wounded.
The gnoll attacks as you move away! The gnoll barely misses you.
You can't go up here!
The gnoll attacks as you move away! The gnoll closely misses you.
There is a stone staircase leading up here.
The jackal closely misses you. The gnoll hits you with a +0 flail.
* * * LOW HITPOINT WARNING * * *
The jackal closely misses you.
You climb upwards.
There is a stone staircase leading down here.
The gnoll attacks as you move away! The gnoll hits you but does no damage.
The jackal completely misses you. The jackal misses you.
The gnoll attacks as you move away! The gnoll barely misses you.
The jackal barely misses you. The gnoll attacks as you move away!
The gnoll hits you with a +0 flail.
* * * LOW HITPOINT WARNING * * *
The gnoll attacks as you move away! The gnoll closely misses you.
The jackal closely misses you. The jackal attacks as you move away!
The jackal misses you.
There is an open door here.
The jackal closely misses you. The jackal bites you.
You die...

##.#####'####.# #....#
#.# #####. #....##.#
#.# #....# #.# #.
#####....# #.###....#
#)# #. .#####...##
#.##.....# #.# #.
.+........# #........#
#.# ##
.#######..######.....#
#.#
.#######.......#.....#
#.#####
...............#.....#
#.....#
...............#@#'###
#####.#
..............gh.#.#
#.#
#########......###)#
#.# #>.....# #.# #.#
#......# #.# #.#
#......# #.# #.#
######## #.#########.#
###########.#.........#
#.........).#.#########


You could see a gnoll and a jackal.

Vanquished Creatures
  2 gnolls (D:2)
  2 bats
  2 endoplasms (D:1)
  A giant cockroach (D:1)
  A goblin (D:1)
  2 hobgoblins (D:1)
  A jackal (D:2)
  A quokka (D:1)
  2 ball pythons (D:1)
  2 frilled lizards (D:1)
  3 kobolds (D:1)
19 creatures vanquished.

Vanquished Creatures (collateral kills)
  A jackal (D:2)
1 creature vanquished.

Vanquished Creatures (others)
  134 foxfires
134 creatures vanquished.

Grand Total: 154 creatures vanquished

Notes
Turn   | Place    | Note
-------+----------+-------------------------------------------
     0 | D:1      | Elric the Deep Elf Fire Elementalist began the quest for
                  | the Orb.
     0 | D:1      | Reached XP level 1. HP: 10/10 MP: 6/6
   568 | D:1      | Reached XP level 2. HP: 15/15 MP: 6/8
  1528 | D:2      | Found Wachaow's Armour Boutique.
  1609 | D:2      | Reached XP level 3. HP: 19/19 MP: 2/9
  1652 | D:1      | Slain by a jackal

Illustrated notes

Levels and vault maps discovered:
D:1:      ncdulo_wetmaze, layout_basic
D:2:      cheibrodos_helix_gallery, layout_basic,
          shapermc_ecumenical_altar_mp_highgroup, serial_shops, shop,
          glass_columns_a, grunt_decor_fettered, uniq_jessica

Skill      XL: |  1  2 |
---------------+-------+-----
Dodging        | 3 |  3.0
Stealth        | 3 |  3.0
Spellcasting   | |  3.5
Conjurations   | |  1.8
Fire Magic     | |  3.6

Action                   || total
-------------------------++-------
 Cast: Foxfire           ||    74
  Use: Scroll            ||     1
Armor: Robe              ||     2
Dodge: Dodged            ||    23

Table legend: (Time is in decaauts)
 A = Elapsed time spent in this place.
 B = Non-inter-level travel time spent in this place.
 C = Inter-level travel time spent in this place.
 D = Time resting spent in this place.
 E = Time spent auto-exploring this place.
 F = Levels seen in this place.
 G = Mean time per level.
                   A        B        C        D        E       F      G
               +--------+--------+--------+--------+--------+-----+--------+
         Total |   1657 |   1586 |     71 |      0 |   1352 |   2 |  828.5 |
       Dungeon |   1657 |   1586 |     71 |      0 |   1352 |   2 |  828.5 |
               +--------+--------+--------+--------+--------+-----+--------+

Top non-repeatable levels by time:
     D:1: 1542 daAuts
     D:2: 115 daAuts
